 Dungeon Crawl Stone Soup version 0.23-a0-14-g8c9a20f (webtiles) character file.

3378 torrenera the Destroyer (level 9, 0/57 HPs)
             Began as a Deep Elf Fire Elementalist on Aug 2, 2018.
             Was a Believer of Sif Muna.
             Killed from afar by Erica (31 damage)
             ... with a bolt of poison
             ... on level 9 of the Dungeon.
             The game lasted 00:23:42 (10471 turns).

torrenera the Destroyer (DEFE)                     Turns: 10471, Time: 00:23:42

Health: 0/57       AC:  8    Str:  5    XL:     9   Next: 74%
Magic:  21/30      EV: 12    Int: 24    God:    Sif Muna [**....]
Gold:   393        SH:  0    Dex: 15    Spells: 7/22 levels left

rFire    . . .     SeeInvis .   L - -1 blowgun (curse)
rCold    . . .     Gourm    .   (no shield)
rNeg     . . .     Faith    .   H - +1 robe of Wu Jian's Favour {rElec MP+9}
rPois    .         Spirit   .   (no helmet)
rElec    +         Reflect  .   (no cloak)
rCorr    +         Harm     .   C - +1 pair of gloves
MR       .....                  s - +2 pair of boots
Stlth    ++........             (no amulet)
HPRegen  0.19/turn              r - ring of resist corrosion
MPRegen  0.22/turn              (no ring)

@: lethally poisoned (0 -> -9), slowed, drained, very slow
A: no striking features
a: Divine Energy, Renounce Religion


You were on level 9 of the Dungeon.
You worshipped Sif Muna.
Sif Muna was pleased with you.
You were hungry.

You visited 1 branch of the dungeon, and saw 9 of its levels.

You collected 393 gold pieces.

Inventory:

Hand Weapons
 b - a +2 dagger of draining
 G - a +0 morningstar of flaming
 L - a cursed -1 blowgun (weapon)
Missiles
 m - 33 poisoned needles (quivered)
 n - 278 stones
 x - 9 tomahawks
 M - 8 tomahawks of dispersal
Armour
 s - a +2 pair of boots (worn)
 t - the +1 robe of Xuhome {Int+5}
   (You found it on level 5 of the Dungeon)

   It affects your intelligence (+5).
 C - a +1 pair of gloves (worn)
 H - the +1 robe of Wu Jian's Favour (worn) {rElec MP+9}
   (You took it off an orc on level 6 of the Dungeon)

   It insulates you from electricity.
   It affects your magic capacity (+9).
 P - a +1 ring mail of poison resistance
 Q - a cursed +0 robe
Magical Staves
 A - an uncursed staff of earth
Jewellery
 r - a ring of resist corrosion (left hand)
 B - an uncursed ring of protection from cold {unknown}
Wands
 d - a wand of random effects (11)
 w - a wand of clouds (5)
 N - a wand of flame (23)
 O - a wand of iceblast (6)
Scrolls
 e - 4 scrolls of amnesia {unknown}
 f - 4 scrolls of remove curse
 j - a scroll of magic mapping {unknown}
 k - a scroll of blinking {unknown}
 l - a scroll of enchant weapon {unknown}
 o - 3 scrolls of enchant armour
 q - 2 scrolls of fog
 u - 3 scrolls of teleportation {unknown}
 v - a scroll of random uselessness {unknown}
 y - a scroll of immolation {unknown}
 z - 2 scrolls of fear {unknown}
 E - 3 scrolls of identify
Potions
 a - a potion of resistance
 g - 6 potions of haste
 h - 2 potions of curing
 i - 3 potions of might
 p - a potion of lignification
 D - a potion of degeneration {unknown}
 F - 3 potions of heal wounds {unknown}
 I - 2 potions of agility {unknown}
 J - a potion of flight {unknown}
 K - 2 potions of ambrosia {unknown}
Comestibles
 c - 19 rations
 R - 2 chunks of flesh


   Skills:
 + Level 7.1(6.5) Fighting
 - Level 2.4(1.8) Dodging
 - Level 2.4(1.8) Stealth
 - Level 7.2(6.6) Spellcasting
 - Level 8.2(7.5) Conjurations
 - Level 7.4(6.7) Fire Magic


You had 7 spell levels left.
You knew the following spells:

 Your Spells              Type           Power        Failure   Level  Hunger
a - Flame Tongue          Conj/Fire      #####        1%          1    None
b - Throw Flame           Conj/Fire      #####.       1%          2    None
c - Conjure Flame         Conj/Fire      #####...     1%          3    None
d - Sticky Flame          Conj/Fire      #####...     3%          4    ###....
e - Fireball              Conj/Fire      #####.....   11%         5    #####..

Your spell library contained the following spells:

 Spells                   Type           Power        Failure   Level  Hunger
 Inner Flame              Hex/Fire       ###.....     5%          3    None


Dungeon Overview and Level Annotations

Branches:
Dungeon (9/15)             Temple (0/1) D:6
   Lair: D:8-11         Orc: D:9-12

Altars:
Cheibriados
Dithmenos
Elyvilon
Gozag
Kikubaaqudgha
Makhleb
Qazlal
Ru
Sif Muna
Trog
Uskayaw
Vehumet
Wu Jian
Yredelemnul
The Shining One
Beogh

Shops:
D:8 :

Annotations:
D:7 3 runed doors, Enish's ghost, novice NaAs
D:8 2 transporters
D:9 Erica


Message History

Aiming: Fireball (slightly dangerous; 11% risk of failure)
Press: ? - help, Shift-Dir - straight line, f/p - Erica
Aim: Erica, wielding a scimitar of flaming and wearing a glowing robe (heavily wounded, poisoned) That beam is likely to hit you.
Continue anyway?
Okay, then.
Casting: Fireball (slightly dangerous; 11% risk of failure)
Confirm with . or Enter, or press ? or * to list all spells.
Aiming: Sticky Flame (safe; 3% risk of failure)
Press: ? - help, Shift-Dir - straight line, f/p - Erica
Aim: Erica, wielding a scimitar of flaming and wearing a glowing robe (heavily wounded, poisoned)
The sticky flame hits Erica.
Erica is heavily wounded.
Erica is covered in liquid flames!
You are feeling hungry.
Erica burns!
Erica points at you and mumbles some strange words.
The bolt of poison hits you!
You are poisoned.
Ouch! That really hurt!
You die...

#....## ##.#.z###
#)##...# #)####.##
#..###..#
#######..###.##
##.....#...(...###
##......(.........#
#......†[.@).†..#.#####
#..........@..........>
#.......(..............
#.............).........
#....[........(.##...(##
#...........>...# ....#
##.....................
##.....#........(....
#######......[....


You could see Erica (burning).

Vanquished Creatures
  A hippogriff (D:9)
  A wyvern (D:8)
  4 ice beasts
  An orc warrior (D:6)
  4 sky beasts
  A black bear (D:9)
  2 phantoms
  3 ogres
  A centaur (D:9)
  2 big kobolds
  A bullfrog (D:6)
  A wyvern skeleton (D:9)
  3 scorpions
  5 wights
  A howler monkey (D:4)
  A hound (D:4)
  5 orc priests
  7 orc wizards
  2 iguanas
  Natasha (thrice) (D:4 D:5)
  3 worker ants
  A killer bee zombie (D:7)
  3 hound skeletons
  A worker ant zombie (D:6)
  12 adders
  4 gnolls (D:4)
  A shadow imp (D:2)
  2 oozes
  2 adder zombies (D:8)
  An adder skeleton (D:7)
  2 worms
  12 dart slugs
  6 leopard geckos
  33 orcs
  2 ball pythons (D:5)
  4 giant cockroaches
  7 hobgoblins
  7 jackals
  3 quokkas
  6 bats
  4 frilled lizards
  5 goblins
  A jackal skeleton (D:4)
  14 kobolds
  A quokka zombie (D:6)
  10 rats
196 creatures vanquished.

Notes
Turn   | Place    | Note
-------+----------+-------------------------------------------
     0 | D:1      | torrenera the Deep Elf Fire Elementalist began the quest for the Orb.
     0 | D:1      | Reached XP level 1. HP: 10/10 MP: 6/6
    63 | D:1      | Reached XP level 2. HP: 15/15 MP: 2/8
    67 | D:1      | Learned a level 2 spell: Throw Flame
   450 | D:1      | Reached skill level 2 in Conjurations
   522 | D:1      | Reached XP level 3. HP: 18/19 MP: 5/9
   914 | D:2      | Learned a level 3 spell: Conjure Flame
  1350 | D:2      | Reached XP level 4. HP: 24/24 MP: 7/10
  1515 | D:2      | Reached skill level 3 in Conjurations
  2099 | D:3      | Reached skill level 5 in Fire Magic
  2544 | D:3      | Reached XP level 5. HP: 12/28 MP: 5/11
  2739 | D:3      | Found a deep blue altar of Sif Muna.
  2855 | D:3      | Became a worshipper of Sif Muna the Loreminder
  2976 | D:3      | Reached skill level 4 in Conjurations
  3026 | D:3      | Found a hide-covered altar of Uskayaw.
  3030 | D:3      | Found a glowing golden altar of the Shining One.
  3031 | D:3      | Found an ornate altar of the Wu Jian Council.
  3031 | D:3      | Found a snail-covered altar of Cheibriados.
  3047 | D:3      | Learned a level 4 spell: Sticky Flame
  3108 | D:3      | Found a stormy altar of Qazlal.
  3229 | D:4      | Noticed a phantom
  3329 | D:4      | Killed a phantom
  3329 | D:4      | Reached XP level 6. HP: 22/32 MP: 4/12
  3341 | D:4      | Reached skill level 5 in Conjurations
  4526 | D:4      | Noticed Natasha
  4533 | D:4      | Killed Natasha
  4533 | D:4      | Reached * piety under Sif Muna
  4700 | D:4      | Reached skill level 6 in Conjurations
  4765 | D:4      | Reached XP level 7. HP: 36/36 MP: 10/13
  4947 | D:5      | Entered Level 5 of the Dungeon
  5304 | D:4      | Noticed Natasha
  5309 | D:4      | Killed Natasha
  5800 | D:5      | Got a transparent robe
  5811 | D:5      | Identified the +1 robe of Xuhome {Int+5} (You found it on level 5 of the Dungeon)
  5910 | D:5      | Noticed Natasha
  5918 | D:5      | Killed Natasha
  6234 | D:5      | Found a burning altar of Makhleb.
  6401 | D:5      | Reached skill level 7 in Conjurations
  6668 | D:5      | Learned a level 5 spell: Fireball
  6704 | D:6      | Reached skill level 5 in Spellcasting
  6909 | D:6      | Found a staircase to the Ecumenical Temple.
  6919 | D:6      | Reached ** piety under Sif Muna
  6919 | D:6      | Reached XP level 8. HP: 39/41 MP: 12/17
  7128 | D:6      | Reached skill level 8 in Conjurations
  7533 | D:6      | Reached skill level 1 in Fighting
  7808 | D:6      | Got an ichor-stained robe
  7832 | D:6      | Identified the +1 robe of Wu Jian's Favour {rElec MP+9} (You took it off an orc on level 6 of the Dungeon)
  8305 | D:7      | Reached XP level 9. HP: 51/51 MP: 21/21
  8553 | D:7      | Noticed Enish's ghost (novice NaAs)
  8554 | D:7      | Found a runed gate.
  8554 | D:7      | Found a runed gate.
  8554 | D:7      | Found a runed gate.
  8555 | D:7      | Found a roughly hewn altar of Beogh.
  9038 | D:8      | Found a transporter.
  9051 | D:8      | Found a transporter.
  9055 | D:8      | Noticed a deep elf knight
  9055 | D:8      | Noticed a troll
  9058 | D:8      | Found a bloodstained altar of Trog.
  9061 | D:8      | Found Cudd's Book Boutique.
  9328 | D:8      | Reached skill level 5 in Fighting
  9578 | D:8      | Found a radiant altar of Vehumet.
  9585 | D:8      | Found an opulent altar of Gozag.
  9590 | D:8      | Found an ancient bone altar of Kikubaaqudgha.
  9605 | D:8      | Found a sacrificial altar of Ru.
  9610 | D:8      | Found a shadowy altar of Dithmenos.
  9617 | D:8      | Found a white marble altar of Elyvilon.
  9622 | D:8      | Found a basalt altar of Yredelemnul.
  9842 | D:9      | Noticed Erica
 10471 | D:9      | Killed from afar by Erica

Vault maps used:
D:1:      mainiacjoe_arrival_reflecting_pool
D:2:      first_ration
D:3:      grunt_temple_overflow_open, nicolae_qazlal_eye_of_the_storm,
          lemuel_doored_altar
D:4:      uniq_natasha
D:5:      kennysheep_slugbush, lemuel_crystal_altar
D:6:      minmay_temple_entry_mist
D:7:      biasface_ghost_orc_armoury, grunt_ogre_cave, minmay_unpleasant_kobolds
D:8:      grunt_temple_overflow_octagram, gammafunk_temple_overflow_arena,
          serial_shops, shop
D:9:      lemuel_round_altar, uniq_erica

Skill      XL: |  1  2  3  4  5  6  7  8  9 |
---------------+----------------------------+-----
Fire Magic     | 4 5 6 7 |  7.4
Conjurations   | 2 3 4 6 7 8 |  8.2
Spellcasting   | 5 7 |  7.2
Fighting       | 3 7 |  7.1
Dodging        | |  2.4
Stealth        | |  2.4

Action                   |  1- 3 |  4- 6 |  7- 9 || total
-------------------------+-------+-------+-------++-------
Melee: Unarmed           |     3 |       |       ||     3
       Short sword       |    58 |     8 |       ||    66
       Dagger            |       |       |   111 ||   111
 Fire: Blowgun           |       |       |     4 ||     4
Throw: Tomahawk          |       |    37 |    21 ||    58
       Stone             |       |     4 |     3 ||     7
 Cast: Flame Tongue      |    61 |    98 |   134 ||   293
       Throw Flame       |     2 |     8 |    11 ||    21
       Sticky Flame      |       |     4 |    34 ||    38
       Conjure Flame     |       |     2 |     6 ||     8
       Fireball          |       |       |     7 ||     7
Evoke: Wand              |       |       |     2 ||     2
  Use: Potion            |       |     1 |     1 ||     2
       Scroll            |       |       |     5 ||     5
 Stab: Sleeping          |     3 |       |     5 ||     8
  Eat: Chunk             |     1 |    12 |    16 ||    29
       Ration            |       |       |     2 ||     2
Armor: Robe              |    22 |     4 |    52 ||    78
Dodge: Dodged            |    71 |    60 |   124 ||   255

Table legend:
 A = Spawn XP
 B = Non-spawn XP
 C = Spawn XP percentage of total XP
 D = Spawn monster count
 E = Non-spawn monster count
 F = Spawn count percentage of total count
 G = Total turns spent on level
                    A         B        C        D         E        F      G
               +---------+---------+-------+---------+---------+-------+---------
         Total |       0 |    4826 |   0.0 |       0 |     196 |   0.0 | 10471
               +---------+---------+-------+---------+---------+-------+---------
           D:1 |       0 |      44 |   0.0 |       0 |      24 |   0.0 |   889
           D:2 |       0 |     105 |   0.0 |       0 |      27 |   0.0 |  1493
           D:3 |       0 |     123 |   0.0 |       0 |      14 |   0.0 |  1158
           D:4 |       0 |     642 |   0.0 |       0 |      23 |   0.0 |  2037
           D:5 |       0 |     317 |   0.0 |       0 |      26 |   0.0 |  1092
           D:6 |       0 |    1334 |   0.0 |       0 |      36 |   0.0 |  1315
           D:7 |       0 |     465 |   0.0 |       0 |      15 |   0.0 |   962
           D:8 |       0 |     804 |   0.0 |       0 |      14 |   0.0 |  1224
           D:9 |       0 |     992 |   0.0 |       0 |      17 |   0.0 |   301
               +---------+---------+-------+---------+---------+-------+---------
